 Dungeon Crawl Stone Soup version 0.31.0-11-ge490571c62 (webtiles) character file.

Game seed: 16001351865573270765

2399 qw the Skirmisher (level 9, -1/52 HPs)
             Began as a Deep Elf Hunter on Feb 4, 2024.
             Slain by a yak (15 damage)
             ... on level 8 of the Dungeon.
             The game lasted 00:00:30 (5636 turns).

qw the Skirmisher (Deep Elf Hunter)                 Turns: 5636, Time: 00:00:30

Health: -1/52      AC:  5    Str: 12    XL:     9   Next: 23%
Magic:  11/11      EV: 15    Int: 15    God:
Gold:   239        SH:  0    Dex: 18    Spells: 8/8 levels left

rFire   . . .        a - +1 shortbow
rCold   . . .        (shield currently unavailable)
rNeg    . . .        k - +2 leather armour {rPois}
rPois   +            (no helmet)
rElec   .            (no cloak)
rCorr   +            (no gloves)
SInv    .            (no boots)
Will    .....        j - amulet of faith
Stlth   ++           f - ring of resist corrosion
HPRegen 0.28/turn    b - +4 ring of slaying {mikee}
MPRegen 0.12/turn

%: faith
@: no status effects
A: no striking features
a: no special abilities


You were on level 8 of the Dungeon.
You visited 2 branches of the dungeon, and saw 9 of its levels.

You collected 447 gold pieces.
You spent 208 gold pieces at shops.


   Skills:
 + Level 4.1 Fighting
 - Level 14.0 Ranged Weapons
 - Level 7.0 Dodging
 - Level 1.2 Stealth


You had 8 spell levels left.
You didn't know any spells.
Your spell library was empty.

Inventory:

Hand Weapons
 a - a +1 shortbow (weapon)
Armour
 e - a +3 leather armour
 k - a +2 leather armour of poison resistance (worn)
Jewellery
 b - a +4 ring of slaying (right hand) {mikee}
 f - a ring of resist corrosion (left hand)
 j - an amulet of faith (around neck)
Wands
 m - a wand of acid (9)
 n - a wand of mindburst (14)
 q - a wand of charming (21)
Scrolls
 c - 3 scrolls of identify
 p - 2 scrolls of teleportation
Potions
 d - a potion of might
 g - a potion of cancellation
 h - 2 potions of enlightenment
 i - 4 potions of curing
 l - a potion of mutation

Dungeon Overview and Level Annotations

Branches:
Dungeon (8/15)             Temple (1/1) D:4
   Lair: D:8-11

Altars:
Ashenzari
Cheibriados
Dithmenos
Elyvilon
Fedhas
Gozag
Hepliaklqana
Kikubaaqudgha
Nemelex Xobeh
Qazlal
Ru
Sif Muna
Uskayaw
Vehumet
Wu Jian
Yredelemnul
Zin
The Shining One

Shops:
D:4 ?   D:6 =

Annotations:
D:6 2 transporters, qw's ghost, novice DEHu


Message History

You climb downwards.
There is a stone staircase leading up here.
There are monsters nearby!
Waypoint 8 assigned to D:8.
You shoot an arrow. The arrow hits the yak.
The yak is lightly wounded.
The yak bellows!
You shoot an arrow. The yak bellows!
The arrow hits the yak!
The yak is moderately wounded.
You hear a bellow!
You shoot an arrow. The arrow hits the yak!
The yak is heavily wounded.
A yak comes into view.
You shoot an arrow. The arrow barely misses the yak.
A bullfrog comes into view.
5628 ||| RETREEEEATING.
5629 ||| RETREEEEATING.
The yak closely misses you.
5630 ||| RETREEEEATING.
The bullfrog gives a loud, deep croak!
The yak attacks as it pursues you! The yak closely misses you.
5631 ||| RETREEEEATING.
5632 ||| RETREEEEATING.
The yak attacks as it pursues you! The yak gores you. The yak gores you!
You shoot an arrow. The arrow hits the yak!
The yak is almost dead.
The bullfrog closely misses you. The yak gores you. The yak barely misses you.
You shoot an arrow. The arrow hits the yak.
You kill the yak!
The bullfrog misses you. The yak closely misses you. The yak gores you!
The bullfrog hits you!
Your Dodging skill increases to level 7!
You shoot an arrow. The arrow hits the yak.
The yak is lightly wounded.
The yak misses you. The yak barely misses you. The bullfrog misses you.
The yak gores you but does no damage.
You shoot an arrow. The arrow barely misses the yak.
The bullfrog hits you. The yak gores you!
You die...

#.## #......
#..##.......
#..........
#.<.......
#.........
#.........
#.........
#YY.......
#@Y.......
##F.......
##.......
#......
#....# ##.#
##


You could see 3 yaks and a bullfrog.

Vanquished Creatures
  Sigmund (D:5)
  A wyvern (D:6)
  A yak (D:8)
  Eustachio (D:4)
  A steam dragon (D:6)
  A water moccasin (D:6)
  3 ice beasts (D:7)
  An ogre (D:5)
  2 phantoms
  2 bullfrogs (D:7)
  A scorpion (D:4)
  3 killer bees (D:7)
  A howler monkey (D:5)
  A hound (D:5)
  2 bombardier beetles
  4 orc priests
  2 sleepcaps (D:4)
  Ijyb (D:5)
  3 iguanas
  3 orc wizards
  7 gnolls
  9 adders
  A white imp (D:5)
  2 dart slugs
  21 orcs
  3 ball pythons
  9 endoplasms
  10 goblins
  7 hobgoblins
  6 kobolds
  A quokka (D:4)
  6 bats
  9 frilled lizards
  4 rats
130 creatures vanquished.

Vanquished Creatures (others)
  An orc (D:6)
1 creature vanquished.

Grand Total: 131 creatures vanquished

Notes
Turn   | Place    | Note
-------+----------+-------------------------------------------
     0 | D:1      | qw the Deep Elf Hunter began the quest for the Orb.
     0 | D:1      | Reached XP level 1. HP: 12/12 MP: 3/3
     0 | D:1      | 0 ||| qw: Version: 0.3-a-160-g6735b56
     0 | D:1      | 0 ||| qw: Game counter: 4903
     0 | D:1      | 0 ||| qw: Melee chars always use a shield: true
     0 | D:1      | 0 ||| qw: God list: Okawaru
     0 | D:1      | 0 ||| qw: Allow faded altars: false
     0 | D:1      | 0 ||| qw: Do Orc after clearing Dungeon:15 true
     0 | D:1      | 0 ||| qw: Do second Lair branch before Depths: true
     0 | D:1      | 0 ||| qw: Lair rune preference: random
     0 | D:1      | 0 ||| qw: Goals: Normal
     0 | D:1      | 0 ||| PLANNING D:1-11
    87 | D:1      | Reached skill level 6 in Ranged Weapons
    87 | D:1      | Reached XP level 2. HP: 14/16 MP: 4/4
   494 | D:1      | 494 ||| UPGRADING to +3 leather armour.
   504 | D:1      | 504 ||| DROPPING +0 leather armour.
   505 | D:1      | 505 ||| UPGRADING to ring of resist corrosion.
   506 | D:1      | 506 ||| READING scroll labelled ONIUZX DULLIFO.
   506 | D:1      | 506 ||| IDENTIFYING murky white potion
   507 | D:1      | 507 ||| READING scroll labelled RAEHYFOOSK.
   508 | D:1      | 508 ||| DROPPING scroll of butterflies.
   555 | D:2      | Reached XP level 3. HP: 20/20 MP: 5/5
   829 | D:2      | Reached skill level 7 in Ranged Weapons
   966 | D:2      | 966 ||| RETREEEEATING.
   975 | D:2      | Reached XP level 4. HP: 11/25 MP: 6/6
   976 | D:2      | HP: 6/25 [gnoll/+0 spear (5)]
  1091 | D:2      | Found a faded altar of an unknown god.
  1317 | D:2      | 1317 ||| UPGRADING to +4 ring of slaying {mikee}.
  1318 | D:2      | 1318 ||| READING 2 scrolls of identify.
  1318 | D:2      | 1318 ||| IDENTIFYING fizzy emerald potion
  1319 | D:2      | 1319 ||| READING scroll of identify.
  1319 | D:2      | 1319 ||| IDENTIFYING 2 lumpy grey potions
  1320 | D:2      | 1320 ||| DRINKING 2 red potions.
  1321 | D:2      | 1321 ||| DROPPING potion of degeneration.
  1380 | D:3      | Reached skill level 8 in Ranged Weapons
  1534 | D:3      | Found an opulent altar of Gozag.
  1581 | D:3      | Reached XP level 5. HP: 29/29 MP: 7/7
  1581 | D:3      | Found a white marble altar of Elyvilon.
  1959 | D:3      | Found an ornate altar of the Wu Jian Council.
  1984 | D:3      | Reached skill level 9 in Ranged Weapons
  2172 | D:3      | 2172 ||| UPGRADING to amulet of faith.
  2177 | D:3      | 2177 ||| READING scroll labelled CAJUESOLED.
  2177 | D:3      | 2177 ||| ENCHANTING +0 shortbow.
  2225 | D:4      | Found Mazowu's Magic Scroll Boutique.
  2232 | D:4      | 2232 ||| BUYING 3 scrolls of identify (78 gold).
  2232 | D:4      | Bought 3 scrolls of identify for 78 gold pieces
  2232 | D:4      | 2232 ||| BUYING scroll of identify (26 gold).
  2232 | D:4      | Bought a scroll of identify for 26 gold pieces
  2232 | D:4      | 2232 ||| BUYING scroll of identify (26 gold).
  2232 | D:4      | Bought a scroll of identify for 26 gold pieces
  2232 | D:4      | 2232 ||| BUYING scroll of identify (26 gold).
  2232 | D:4      | Bought a scroll of identify for 26 gold pieces
  2232 | D:4      | 2232 ||| BUYING scroll of identify (26 gold).
  2232 | D:4      | Bought a scroll of identify for 26 gold pieces
  2232 | D:4      | 2232 ||| BUYING scroll of identify (26 gold).
  2232 | D:4      | Bought a scroll of identify for 26 gold pieces
  2311 | D:4      | Reached skill level 3 in Dodging
  2311 | D:4      | Found a staircase to the Ecumenical Temple.
  2312 | D:4      | 2312 ||| PLANNING TEMPLE
  2312 | D:4      | 2312 ||| READING 8 scrolls of identify.
  2312 | D:4      | 2312 ||| IDENTIFYING fizzy grey potion
  2324 | Temple   | Entered the Ecumenical Temple
  2325 | Temple   | 2325 ||| PLANNING D:1-11
  2440 | D:4      | Reached XP level 6. HP: 34/36 MP: 8/8
  2455 | D:4      | 2455 ||| FLEEEEING.
  2457 | D:4      | 2457 ||| FLEEEEING.
  2458 | D:4      | 2458 ||| FLEEEEING.
  2459 | D:4      | 2459 ||| FLEEEEING.
  2461 | D:4      | 2461 ||| FLEEEEING.
  2462 | D:4      | 2462 ||| FLEEEEING.
  2463 | D:4      | 2463 ||| FLEEEEING.
  2464 | D:4      | 2464 ||| FLEEEEING.
  2477 | D:4      | 2477 ||| FLEEEEING.
  2478 | D:4      | 2478 ||| FLEEEEING.
  2479 | D:4      | 2479 ||| FLEEEEING.
  2480 | D:4      | 2480 ||| FLEEEEING.
  2481 | D:4      | 2481 ||| FLEEEEING.
  2513 | D:4      | 2513 ||| FLEEEEING.
  2514 | D:4      | 2514 ||| FLEEEEING.
  2515 | D:4      | 2515 ||| FLEEEEING.
  2516 | D:4      | 2516 ||| FLEEEEING.
  2517 | D:4      | 2517 ||| FLEEEEING.
  2518 | D:4      | 2518 ||| FLEEEEING.
  2519 | D:4      | 2519 ||| FLEEEEING.
  2520 | D:4      | 2520 ||| FLEEEEING.
  2521 | D:4      | 2521 ||| FLEEEEING.
  2522 | D:4      | 2522 ||| FLEEEEING.
  2558 | D:4      | 2558 ||| FLEEEEING.
  2559 | D:4      | 2559 ||| FLEEEEING.
  2560 | D:4      | 2560 ||| FLEEEEING.
  2561 | D:4      | 2561 ||| FLEEEEING.
  2562 | D:4      | 2562 ||| FLEEEEING.
  2563 | D:4      | 2563 ||| FLEEEEING.
  2564 | D:4      | 2564 ||| FLEEEEING.
  2618 | D:4      | Noticed Eustachio
  2629 | D:4      | Killed Eustachio
  2630 | D:4      | Reached skill level 10 in Ranged Weapons
  2681 | D:4      | Reached XP level 7. HP: 40/40 MP: 9/9
  2899 | D:4      | Found a shadowy altar of Dithmenos.
  3097 | D:4      | Found an ancient bone altar of Kikubaaqudgha.
  3509 | D:4      | 3509 ||| UPGRADING to +2 leather armour of poison
                  | resistance.
  3519 | D:4      | 3519 ||| READING 9 scrolls of identify.
  3519 | D:4      | 3519 ||| IDENTIFYING bubbling sapphire potion
  3520 | D:4      | 3520 ||| READING 8 scrolls of identify.
  3520 | D:4      | 3520 ||| IDENTIFYING black potion
  3521 | D:4      | 3521 ||| READING 7 scrolls of identify.
  3521 | D:4      | 3521 ||| IDENTIFYING scroll labelled QEROATZ SUSIBILL
  3522 | D:4      | 3522 ||| READING 6 scrolls of identify.
  3522 | D:4      | 3522 ||| IDENTIFYING scroll labelled QEANIO DANKO
  3523 | D:4      | 3523 ||| READING 5 scrolls of identify.
  3523 | D:4      | 3523 ||| IDENTIFYING scroll labelled JAEFAO UBOSU
  3524 | D:4      | 3524 ||| DROPPING potion of attraction.
  3525 | D:4      | 3525 ||| DROPPING scroll of amnesia.
  3526 | D:4      | 3526 ||| DROPPING scroll of noise.
  3527 | D:4      | 3527 ||| DROPPING potion of lignification.
  3543 | D:5      | Entered Level 5 of the Dungeon
  3547 | D:5      | Reached skill level 11 in Ranged Weapons
  3550 | D:5      | 3550 ||| STAIRDANCE
  3564 | D:5      | 3564 ||| STAIRDANCE
  3642 | D:5      | Noticed Sigmund
  3649 | D:5      | Killed Sigmund
  3650 | D:5      | Reached skill level 12 in Ranged Weapons
  3650 | D:5      | Reached XP level 8. HP: 45/45 MP: 10/10
  3655 | D:5      | Found a blossoming altar of Fedhas.
  3800 | D:5      | Reached skill level 3 in Fighting
  3867 | D:5      | Noticed Ijyb
  3873 | D:5      | Killed Ijyb
  4007 | D:5      | 4007 ||| READING 5 scrolls of identify.
  4007 | D:5      | 4007 ||| IDENTIFYING viscous golden potion
  4073 | D:6      | 4073 ||| Stepping ~*~*~tactically~*~*~ (cloud).
  4075 | D:6      | 4075 ||| Stepping ~*~*~tactically~*~*~ (cloud).
  4156 | D:6      | Found a snail-covered altar of Cheibriados.
  4218 | D:6      | Found Nialidanun's Jewellery Shop.
  4227 | D:6      | 4227 ||| SHOPLISTING +4 ring of protection (540 gold, have
                  | 149).
  4227 | D:6      | 4227 ||| SHOPLISTING +5 ring of evasion (540 gold, have
                  | 149).
  4227 | D:6      | 4227 ||| SHOPLISTING +6 ring of dexterity (540 gold, have
                  | 149).
  4227 | D:6      | 4227 ||| SHOPLISTING +6 ring of strength (540 gold, have
                  | 149).
  4227 | D:6      | 4227 ||| SHOPLISTING amulet of reflection (450 gold, have
                  | 149).
  4288 | D:6      | Reached skill level 13 in Ranged Weapons
  4476 | D:6      | Found a basalt altar of Yredelemnul.
  4498 | D:6      | Found a transporter.
  4498 | D:6      | Noticed qw's ghost (novice DEHu)
  4506 | D:6      | Found a transporter.
  4566 | D:6      | 4566 ||| READING 5 scrolls of identify.
  4566 | D:6      | 4566 ||| IDENTIFYING scroll labelled WYHUUX KUXKORCH
  4567 | D:6      | 4567 ||| READING 4 scrolls of identify.
  4567 | D:6      | 4567 ||| IDENTIFYING scroll labelled ARUOTA FUPOL
  4568 | D:6      | 4568 ||| DROPPING scroll of blinking.
  4569 | D:6      | 4569 ||| DROPPING scroll of immolation.
  4683 | D:7      | Found a glowing golden altar of the Shining One.
  4755 | D:7      | Reached skill level 14 in Ranged Weapons
  5061 | D:7      | Reached skill level 6 in Dodging
  5072 | D:7      | Reached XP level 9. HP: 51/51 MP: 11/11
  5628 | D:8      | 5628 ||| RETREEEEATING.
  5629 | D:8      | 5629 ||| RETREEEEATING.
  5630 | D:8      | 5630 ||| RETREEEEATING.
  5631 | D:8      | 5631 ||| RETREEEEATING.
  5632 | D:8      | 5632 ||| RETREEEEATING.
  5636 | D:8      | Slain by a yak

Levels and vault maps discovered:
D:1:      heliophobic_arrival_ceremonial_halls, layout_rooms,
          minmay_misc_feat_diagonals, hangedman_feature_mirror
D:2:      layout_loops_ring, basic_ecumenical_altar
D:3:      layout_basic, elyvilon_altar_5, nicolae_wu_jian_glorious_leap,
          nicolae_gozag_cash_rules_everything_around_me, minmay_misc_feat_room
D:4:      layout_basic, nicolae_kikubaaqudgha_miasma_corner,
          nicolae_dithmenos_the_darkroom, minmay_temple_entry_glassed_door,
          serial_shops, shop, uniq_eustachio
D:5:      layout_rooms, fedhas_ov_isle_minmay, serial_bayou_lake_a,
          uniq_sigmund, uniq_ijyb
D:6:      layout_gridville, lemuel_crystal_altar,
          mainiacjoe_overflow_surrounded_room, gammafunk_ghost_smash,
          minmay_shop_enchanted_jewellery, serial_bayou_pond_a
D:7:      layout_loops_corners, nicolae_tso_carved_into_rock
D:8:      layout_cave_pods, trog_ov_bears_minmay, kennysheep_mini_moat,
          chequers_serial_rivers_micro_b
Temple:   kb_temple_of_zot

Skill      XL: |  1  2  3  4  5  6  7  8  9 |
---------------+----------------------------+-----
Ranged Weapons | 6 7 8 9 10 12 14 | 14.0
Dodging        | 3 4 6 7 |  7.0
Fighting       | 2 3 4 |  4.1
Stealth        | |  1.2

Action                     |  1- 3 |  4- 6 |  7- 9 || total
---------------------------+-------+-------+-------++-------
   Fire: Shortbow          |   104 |   125 |   195 ||   424
    Use: Scroll            |     2 |     4 |     8 ||    14
         Potion            |       |     1 |       ||     1
 Armour: Leather armour    |    12 |    18 |    28 ||    58
  Dodge: Dodged            |    28 |    23 |    26 ||    77

Table legend:
 A = Non-vault XP
 B = Vault XP
 C = Vault XP percentage of total XP
 D = Non-vault monster count
 E = Vault monster count
 F = Vault count percentage of total count
                 A         B        C        D         E       F
            +---------+---------+-------+---------+---------+-------
      Total |    2953 |     475 |  13.9 |     125 |       5 |   3.8
            +---------+---------+-------+---------+---------+-------
        D:1 |      36 |       4 |  10.0 |      22 |       2 |   8.3
        D:2 |     106 |       0 |   0.0 |      21 |       0 |   0.0
        D:3 |     132 |       0 |   0.0 |      19 |       0 |   0.0
        D:4 |     502 |     196 |  28.1 |      27 |       1 |   3.6
        D:5 |     453 |     275 |  37.8 |      11 |       2 |  15.4
        D:6 |     662 |       0 |   0.0 |      10 |       0 |   0.0
        D:7 |     856 |       0 |   0.0 |      14 |       0 |   0.0
        D:8 |     206 |       0 |   0.0 |       1 |       0 |   0.0
            +---------+---------+-------+---------+---------+-------
